 Dungeon Crawl Stone Soup version 0.30.0-29-ga12c61a403 (webtiles) character file.

Game seed: 10634183669989353065

133 ChadusMaximus the Shield-Bearer (level 5, -4/42 HPs)
             Began as a Formicid Fighter on June 19, 2023.
             Killed by nerve-wracking pain
             ... invoked by Grinder
              (7 damage)
             ... on level 3 of the Dungeon.
             The game lasted 00:01:57 (1702 turns).

ChadusMaximus the Shield-Bearer (Formicid Fighter)  Turns: 1702, Time: 00:01:58

Health: -4/42      AC: 12    Str: 22    XL:     5   Next: 40%
Magic:  5/5        EV:  8    Int:  8    God:
Gold:   121        SH:  5    Dex: 13    Spells: 4/4 levels left

rFire   + . .        a - +0 war axe
rCold   . . .        c - +0 buckler
rNeg    . . .        s - +2 chain mail {rF+}
rPois   .            (helmet unavailable)
rElec   .            (no cloak)
rCorr   .            f - +0 pair of gloves
SInv    +            (no boots)
Will    .....        (no amulet) Stlth
                     (no ring)
HPRegen 0.27/turn    (no ring)
MPRegen 0.09/turn

%: no passive effects
@: mighty
A: permanent stasis, dig shafts and tunnels, antennae 3, four strong arms
a: Dig, Shaft Self


You were on level 3 of the Dungeon.
You visited 1 branch of the dungeon, and saw 3 of its levels.

You collected 121 gold pieces.

Inventory:

Hand Weapons
 a - a +0 war axe (weapon)
Missiles
 h - 2 silver boomerangs
Armour
 b - a +0 scale mail
 c - a +0 buckler (worn)
 f - a +0 pair of gloves (worn)
 g - a +0 chain mail
 s - a +2 chain mail of fire resistance (worn)
Wands
 j - a wand of flame (20)
Scrolls
 e - a scroll of fear {unknown}
 i - 2 scrolls of teleportation {unknown}
 k - 5 scrolls of identify {unknown}
 l - a scroll of noise {unknown}
 m - a scroll of silence {unknown}
 p - a scroll of immolation {unknown}
 q - a scroll of torment {unknown}
Potions
 n - a potion of berserk rage {unknown}
 o - a potion of lignification {unknown}
 r - a potion of heal wounds {unknown}


   Skills:
 + Level 4.0 Fighting
 * Level 3.6 Axes
 + Level 4.0 Armour
 + Level 4.9 Shields


You had 4 spell levels left.
You didn't know any spells.
Your spell library was empty.

Dungeon Overview and Level Annotations

Branches:
Dungeon (3/15)

Altars:

Shops:
D:1 (

Annotations:
D:3 Grinder


Innate Abilities, Weirdness & Mutations

You cannot be hasted, slowed, berserked, paralysed or teleported.
You can dig through walls and to a lower floor.
You have a pair of large antennae on your head. (SInv)
Your four strong arms can wield two-handed weapons with a shield.


Message History

You kill the jackal!
You slash Grinder!
Grinder is moderately wounded.
Grinder hits you!
You writhe in agony.
You barely miss Grinder.
Grinder is moderately wounded.
Grinder closely misses you.
You hit Grinder.
Grinder is moderately wounded.
Grinder hits you. x2; You writhe in agony.
You hit Grinder.
Grinder is moderately wounded.
Grinder barely misses you.
You closely miss Grinder.
Grinder is moderately wounded.
Grinder hits you!
* * * LOW HITPOINT WARNING * * *
You feel very mighty all of a sudden.
A jackal comes into view.
Grinder completely misses you.
You barely miss Grinder.
Grinder is moderately wounded.
The jackal barks!
Grinder hits you but does no damage. Grinder hits you.
* * * LOW HITPOINT WARNING * * *
You writhe in agony.
* * * LOW HITPOINT WARNING * * *
You closely miss Grinder.
Grinder is moderately wounded.
Grinder gestures at you.
Your stasis prevents you from being paralysed.
You closely miss Grinder.
Grinder is moderately wounded.
Grinder hits you but does no damage.
You slice Grinder!!
Grinder is severely wounded.
Grinder barely misses you. Grinder gestures at you.
Pain shoots through your body!
You die...

...# ### #..# { ..# #..# {
#. #.# #..# ##.# #.# #..#
..## #.# #..# # #.
##...###.# #..# #.#.#
##..##.##@###..#####
.#.#.##.#....h5[.........#
...#.......#.######..##.#
#...##.#..##.# #..##†##
#.........#.## #..##..#
#..)###....### ##..###.#
#?ro#.......... ...###.##
#..$#.##..##### ###.##...#
#.........# #.....>..###


You could see Grinder (strong) and a jackal.

Vanquished Creatures
  An orc priest (D:3)
  3 adders
  2 worms (D:2)
  4 dart slugs
  7 orcs
  2 endoplasms
  5 giant cockroaches
  5 goblins
  2 hobgoblins (D:1)
  4 jackals (D:3)
  2 kobolds (D:1)
  3 quokkas
  5 ball pythons
  3 bats
  2 frilled lizards (D:1)
  6 rats
56 creatures vanquished.

Notes
Turn   | Place    | Note
-------+----------+-------------------------------------------
     0 | D:1      | ChadusMaximus the Formicid Fighter began the quest for the
                  | Orb.
     0 | D:1      | Reached XP level 1. HP: 18/18 MP: 1/1
    74 | D:1      | You fall into a shaft and drop 1 floor!
   143 | D:2      | Reached XP level 2. HP: 23/24 MP: 2/2
   183 | D:2      | Reached XP level 3. HP: 24/29 MP: 3/3
   545 | D:2      | Found a faded altar of an unknown god.
   686 | D:1      | Reached XP level 4. HP: 37/37 MP: 4/4
   893 | D:1      | Found Etteg's Antique Weapon Shop.
  1297 | D:3      | Noticed Grinder
  1395 | D:3      | Reached XP level 5. HP: 10/42 MP: 5/5
  1699 | D:3      | HP: 2/42 [Grinder (1)]
  1702 | D:3      | Killed from afar by Grinder

Illustrated notes

Levels and vault maps discovered:
D:1:      lightli_iron_boxes, layout_loops_ring, serial_shops, shop_fountains
D:2:      layout_rooms, shapermc_ecumenical_altar_acropolis,
          kennysheep_generic_room_13
D:3:      layout_loops_ring, nicolae_uskayaw_dance_hall,
          kennysheep_generic_room_14, uniq_grinder

Skill      XL: |  1  2  3  4  5 |
---------------+----------------+-----
Axes           | 3 |  3.6
Armour         | 4 |  4.0
Fighting       | 4 |  4.0
Shields        | |  4.9

Action                     |  1- 3 |  4- 6 || total
---------------------------+-------+-------++-------
  Melee: War axe           |    66 |    79 ||   145
    Use: Potion            |       |     1 ||     1
 Armour: Chain mail        |    34 |    44 ||    78
  Dodge: Dodged            |    29 |    31 ||    60
  Block: Buckler           |    17 |    17 ||    34
